 Dungeon Crawl Stone Soup version 0.24.0-125-gc4c63601f3 (webtiles) character file.

Game seed: 14652894577658524238, levelgen mode: deterministic

26572 Amplified the Thaumaturge (level 12, -1/98 HPs)
             Began as a Mummy Venom Mage on Feb 29, 2020.
             Was a High Priest of Ashenzari.
             Slain by a hell rat (12 damage)
             ... on level 4 of the Lair of Beasts.
             The game lasted 00:41:43 (16820 turns).

Amplified the Thaumaturge (Mummy Venom Mage)       Turns: 16820, Time: 00:41:44

Health: -1/98      AC: 13    Str: 14    XL:     12   Next: 99%
Magic:  30/30      EV: 16    Int: 14    God:    Ashenzari [*****.]
Gold:   669        SH:  3    Dex: 15    Spells: 18/39 levels left

rFire    x . .     SeeInvis +   l - +3 lajatang (vamp) (curse)
rCold    + . .     Gourm    .   (shield currently unavailable)
rNeg     + + +     Faith    .   y - +0 troll leather armour (curse)
rPois    ∞         Spirit   .   d - +0 helmet (curse)
rElec    +         Reflect  +   f - +0 cloak
rCorr    +         Harm     .   e - +0 pair of gloves of Anelek {rElec} (curse)
MR       +....     Clarity  +   j - +1 pair of boots (curse)
Stlth    ++........             w - +3 amulet of reflection
HPRegen  0.66/turn              a - +3 ring of protection
MPRegen  0.22/turn              n - ring of resist corrosion

@: about to teleport
A: no food or potions, fire vulnerability, cold resistance 1, negative energy
resistance 3, torment resistance, unbreathing
a: Curse Item, Scrying, Transfer Knowledge, Renounce Religion


You were on level 4 of the Lair of Beasts.
You worshipped Ashenzari.
Ashenzari was extremely pleased with you.
You were not hungry.

You visited 3 branches of the dungeon, and saw 19 of its levels.
You also visited: Volcano.

You collected 867 gold pieces.
You spent 198 gold pieces at shops.

Inventory:

Hand Weapons
 c - a +0 demon whip of flaming
 l - a cursed +3 vampiric lajatang (weapon)
Missiles
 s - 6 curare-tipped darts (quivered)
Armour
 d - a cursed +0 helmet (worn)
 e - the cursed +0 pair of gloves of Anelek (worn) {rElec}
   (You found it on level 1 of the Lair of Beasts)

   It insulates you from electricity.
   It has a curse placed upon it.
 f - a +0 cloak (worn)
 j - a cursed +1 pair of boots (worn)
 y - a cursed +0 troll leather armour (worn)
Magical Staves
 g - an uncursed staff of death
 i - an uncursed staff of fire
Jewellery
 a - a +3 ring of protection (left hand)
 h - a cursed +4 ring of intelligence
 n - a ring of resist corrosion (right hand)
 u - an uncursed amulet of guardian spirit
 w - a +3 amulet of reflection (around neck)
 D - an uncursed ring of flight
Wands
 k - a wand of random effects (14)
 o - a wand of digging (1)
 q - a wand of clouds (2)
 z - a wand of enslavement (7)
 A - a wand of disintegration (7)
 B - a wand of flame (33)
Scrolls
 m - 3 scrolls of immolation
 p - 3 scrolls of teleportation
 t - 2 scrolls of remove curse
 v - 14 scrolls of identify
 x - a scroll of magic mapping
Miscellaneous
 b - a lightning rod (4/4)


   Skills:
 * Level 10.3 Fighting
 - Level 10.2(15.1) Staves
 - Level 3.7 Armour
 - Level 4.1(6.6) Dodging
 - Level 1.5(3.3) Stealth
 * Level 14.3 Spellcasting
 - Level 0.7 Conjurations
 * Level 3.3 Earth Magic
 - Level 5.0 Poison Magic


You had 18 spell levels left.
You knew the following spells:

 Your Spells              Type           Power        Failure   Level  Hunger
a - Sting                 Conj/Pois      ###.         2%          1    N/A
b - Poisonous Vapours     Pois/Air       ###...       4%          2    N/A
c - Mephitic Cloud        Conj/Pois/Air  ###.....     11%         3    N/A
d - Ozocubu's Armour      Chrm/Ice       ##......     26%         3    N/A
e - Olgreb's Toxic Radia  Pois           ###.....     11%         4    N/A
f - Summon Ice Beast      Ice/Summ       ##......     63%         4    N/A
g - Leda's Liquefaction   Hex/Erth       ##........   38%         4    N/A

Your spell library contained the following spells:

 Spells                   Type           Power        Failure   Level  Hunger
 Magic Dart               Conj           ##..         6%          1    N/A
 Flame Tongue             Conj/Fire      ##...        7%          1    N/A
 Freeze                   Ice            ##..         9%          1    N/A
 Throw Flame              Conj/Fire      ##....       11%         2    N/A
 Throw Frost              Conj/Ice       ##....       11%         2    N/A
 Blink                    Tloc           N/A          13%         2    N/A
 Call Imp                 Summ           ##......     13%         2    N/A
 Slow                     Hex            ##......     13%         2    N/A
 Sticks to Snakes         Tmut           ##......     13%         2    N/A
 Conjure Flame            Conj/Fire      ##......     22%         3    N/A
 Inner Flame              Hex/Fire       ##......     26%         3    N/A
 Sticky Flame             Conj/Fire      ##......     56%         4    N/A
 Throw Icicle             Conj/Ice       ##......     56%         4    N/A
 Venom Bolt               Conj/Pois      ###.......   56%         5    N/A
 Bolt of Magma            Conj/Fire/Erth ##........   78%         5    N/A
 Fireball                 Conj/Fire      ##........   89%         5    N/A
 Iron Shot                Conj/Erth      ###.......   99%         6    N/A
 Shatter                  Erth           ###.......   100%        9    N/A
 Beastly Appendage        Tmut           Unusable     N/A         1    N/A
 Spider Form              Tmut/Pois      Unusable     N/A         3    N/A
 Ice Form                 Ice/Tmut       Unusable     N/A         4    N/A
 Blade Hands              Tmut           Unusable     N/A         5    N/A
 Statue Form              Tmut/Erth      Unusable     N/A         6    N/A

Dungeon Overview and Level Annotations

Branches:
Dungeon (14/15)            Temple (0/1) D:6            Lair (4/6) D:9
    Orc (1/2) D:11        Volcano (visited)
  Swamp: Lair:2-4    Shoals: Lair:2-4     Snake: Lair:2-4    Spider: Lair:2-4
 Vaults: D:13-14

Altars:
Ashenzari
Dithmenos
Elyvilon
Fedhas
Kikubaaqudgha
Makhleb
Nemelex Xobeh
Qazlal
Sif Muna
Uskayaw
Vehumet
Wu Jian
Xom
Zin
The Shining One
Jiyva

Shops:
D:6 ?(*?   D:10 *   D:14 (

Portals:
Trove: D:12 (give +2 gold dragon scales)

Annotations:
D:11 Orcs Danger
D:14 Nessos
Lair:1 exclusion: oklob plant


Innate Abilities, Weirdness & Mutations

You do not eat or drink.
Your flesh is vulnerable to fire.
You are immune to poison.
Your flesh is cold resistant. (rC+)
You are immune to negative energy. (rN+++)
You are immune to unholy pain and torment.
You can survive without breathing.


Message History

Unknown command.
The hell rat bites you!
* * * LOW HITPOINT WARNING * * *
Evoke which item? (* to show all) (? for menu, Esc to quit)
Okay, then.
As you read the scroll of fear, it crumbles to dust.
You assume a fearsome visage.
The hell rat is unaffected. x2
The hell rat closely misses you. The hell rat bites you!
* * * LOW HITPOINT WARNING * * *
Unknown command.
Okay, then.
Okay, then.
Casting: Mephitic Cloud (safe; 11% risk of failure)
Confirm with . or Enter, or press ? or * to list all spells.
Okay, then.
Unknown command.
As you read the scroll of teleportation, it crumbles to dust.
You feel strangely unstable. The hell rat closely misses you.
The hell rat bites you!
You die...

,, , ,, ......#*
#..##..... ,* ,
.......###.#.##....
* , ,
..........####*##..
,, , ,
,,..........# ##* ,
, ,........=.# ***
, , .........## ,
,, .........######
** ,,,
....##.........*
,,,,,...
#.@.......,,*, * ,,
.. ,#.rr.!....,,,,
** * ,
*,,*#..††.......
>,, ,,,
#...#.......... ,
,, * ,,
,###*#.........., ,
**, ,**
*........... , , ,
, , * ............
, , ............. ,
* , .....#.#......
,


You could see 2 hell rats.

Vanquished Creatures
  A hydra (Lair:4)
  2 centaur warriors (D:13)
  A catoblepas (D:13)
  A cyclops (D:11)
  9 elephants
  A black mamba (Lair:2)
  4 spiny frogs
  2 gargoyles
  A kobold demonologist (D:12)
  A komodo dragon (Lair:2)
  3 trolls
  A queen bee (Lair:1)
  4 polar bears
  3 hippogriffs
  Grinder (D:4)
  6 blink frogs
  A slime creature (D:10)
  19 yaks
  2 wyverns
  2 basilisks
  4 hungry ghosts
  2 steam dragons
  3 vampire mosquitoes
  Menkaure (D:4)
  A warg (D:10)
  2 hell hounds (Lair:3)
  5 porcupines
  7 water moccasins
  8 orc warriors
  8 sky beasts
  An ice beast (D:10)
  2 eyes of draining
  12 centaurs
  3 wolves (Lair:1)
  9 ogres
  2 phantoms
  6 crocodiles
  Blork the orc (D:5)
  12 bullfrogs
  A gnoll sergeant (D:10)
  A wyvern skeleton (D:9)
  3 scorpions
  27 killer bees
  3 wights (D:7)
  A howler monkey (D:4)
  2 centaur zombies
  A bullfrog zombie (D:6)
  6 crimson imps
  2 centaur skeletons (D:12)
  5 hounds
  8 orc priests
  8 jellies
  6 orc wizards
  3 bullfrog skeletons
  2 iguanas
  Ijyb (D:5)
  3 hell rats (Lair:4)
  Natasha (twice) (D:2)
  9 worker ants
  A hound skeleton (D:4)
  Robin (D:4)
  4 gnolls (D:10)
  12 adders
  2 shadow imps
  2 oozes
  4 worms
  An adder skeleton (D:6)
  3 dart slugs
  3 leopard geckos
  46 orcs
  3 giant cockroaches
  13 goblins
  8 hobgoblins
  8 kobolds
  5 quokkas
  3 bats
  4 frilled lizards
  A leopard gecko skeleton (D:4)
  A quokka zombie (D:9)
  8 rats
381 creatures vanquished.

Vanquished Creatures (collateral kills)
  2 killer bees (Lair:1)
2 creatures vanquished.

Vanquished Creatures (others)
  A vampire mosquito (D:13)
  6 plants
7 creatures vanquished.

Grand Total: 390 creatures vanquished

Notes
Turn   | Place    | Note
-------+----------+-------------------------------------------
     0 | D:1      | Amplified the Mummy Venom Mage began the quest for the Orb.
     0 | D:1      | Reached XP level 1. HP: 13/13 MP: 4/4
   232 | D:1      | Reached XP level 2. HP: 12/20 MP: 0/5
   377 | D:1      | Reached skill level 3 in Spellcasting
   922 | D:1      | Reached skill level 1 in Fighting
   962 | D:1      | Learned a level 2 spell: Poisonous Vapours
  1433 | D:2      | Found a sparkling altar of Nemelex Xobeh.
  1470 | D:2      | Found an ancient bone altar of Kikubaaqudgha.
  1510 | D:2      | Reached skill level 1 in Armour
  1510 | D:2      | Reached XP level 3. HP: 18/26 MP: 2/7
  1755 | D:2      | Noticed Natasha
  1989 | D:2      | Killed Natasha
  1989 | D:2      | Reached XP level 4. HP: 25/32 MP: 3/9
  2158 | D:2      | Learned a level 3 spell: Mephitic Cloud
  2297 | D:2      | Noticed Natasha
  2305 | D:2      | Killed Natasha
  3152 | D:3      | Reached XP level 5. HP: 25/38 MP: 1/10
  3237 | D:3      | Reached skill level 4 in Spellcasting
  3530 | D:3      | Found a shimmering altar of Xom.
  3725 | D:4      | Reached XP level 6. HP: 33/46 MP: 0/12
  3725 | D:4      | Noticed Grinder
  3828 | D:4      | Noticed Robin
  3835 | D:4      | Killed Robin
  4010 | D:4      | Noticed Menkaure
  4043 | D:5      | Entered Level 5 of the Dungeon
  4145 | D:5      | Noticed Blork the orc
  4153 | D:5      | Killed Blork the orc
  4185 | D:5      | Noticed Ijyb
  4199 | D:5      | Killed Ijyb
  4285 | D:5      | Noticed a hungry ghost
  4412 | D:4      | Found a shattered altar of Ashenzari.
  4415 | D:4      | Killed Menkaure
  4415 | D:4      | Reached skill level 5 in Spellcasting
  4415 | D:4      | Reached XP level 7. HP: 48/52 MP: 14/14
  4457 | D:4      | Killed Grinder
  5304 | D:4      | Found a stormy altar of Qazlal.
  5304 | D:4      | Found a glowing silver altar of Zin.
  5384 | D:4      | Reached skill level 6 in Spellcasting
  5391 | D:4      | Became a worshipper of Ashenzari the Shackled
  5650 | D:5      | Learned a level 3 spell: Ozocubu's Armour
  5713 | D:6      | Found a staircase to the Ecumenical Temple.
  5780 | D:6      | Reached XP level 8. HP: 56/61 MP: 13/17
  5876 | D:6      | Found Wiacenai's Assorted Antiques.
  5879 | D:6      | Bought a scroll labeled ITODAN KUU for 33 gold pieces
  5879 | D:6      | Bought a scroll labeled WYALAO JEBRYU for 33 gold pieces
  5879 | D:6      | Bought a scroll labeled TORAYRONOUMUL for 33 gold pieces
  5946 | D:6      | Found Pobliv's Antique Weapon Emporium.
  6021 | D:6      | Found Mazif's Magic Scroll Shop.
  6024 | D:6      | Bought a scroll of teleportation for 33 gold pieces
  6024 | D:6      | Bought a scroll of teleportation for 33 gold pieces
  6024 | D:6      | Bought a scroll of teleportation for 33 gold pieces
  6219 | D:6      | Reached * piety under Ashenzari
  6317 | D:6      | Found a blossoming altar of Fedhas.
  6432 | D:6      | Found Isissuce's Magic Scroll Emporium.
  6556 | D:7      | Reached skill level 1 in Staves
  6614 | D:7      | Noticed a hippogriff
  6627 | D:7      | Killed a hippogriff
  6627 | D:7      | Reached skill level 5 in Fighting
  6627 | D:7      | Reached skill level 7 in Spellcasting
  6768 | D:7      | Found a glowing golden altar of the Shining One.
  7548 | D:8      | Noticed a troll
  7566 | D:9      | Reached XP level 9. HP: 50/69 MP: 9/20
  7572 | D:9      | Reached skill level 8 in Spellcasting
  7863 | D:9      | Found a viscous altar of Jiyva.
  8012 | D:9      | Noticed a troll
  8215 | D:9      | Reached ** piety under Ashenzari
  8274 | D:9      | Reached skill level 9 in Spellcasting
  8348 | D:9      | Found a hide-covered altar of Uskayaw.
  8348 | D:9      | Found an ornate altar of the Wu Jian Council.
  8388 | D:9      | Found a shimmering blue altar of Sif Muna.
  8445 | D:9      | Found a white marble altar of Elyvilon.
  8668 | D:9      | Found a staircase to the Lair.
  8737 | D:9      | Killed a troll
  8747 | D:9      | Reached skill level 5 in Staves
  8809 | D:9      | Found a shadowy altar of Dithmenos.
  8811 | D:9      | Found a burning altar of Makhleb.
  8821 | D:9      | Found a shimmering altar of Xom.
  8867 | D:10     | Entered Level 10 of the Dungeon
  9052 | D:8      | Reached skill level 10 in Spellcasting
  9052 | D:8      | Reached XP level 10. HP: 79/79 MP: 21/24
  9135 | D:8      | Got the uncursed buckler of Words of Power {Int+2 Slay+2
                  | Stlth+}
  9392 | D:7      | Identified the +0 buckler of Words of Power {Int+2 Slay+2
                  | Stlth+} (You found it on level 8 of the Dungeon)
  9430 | D:7      | Reached *** piety under Ashenzari
  9642 | D:7      | Found a radiant altar of Vehumet.
  9960 | D:10     | Identified the cursed +1 chain mail of Desirhis {*Slow rC+
                  | Dex+3}
 10242 | D:10     | Reached skill level 11 in Spellcasting
 10280 | D:10     | Found Ydir Lol's Assorted Antiques.
 10867 | D:11     | Found a staircase to the Orcish Mines.
 10957 | D:11     | Reached **** piety under Ashenzari
 11215 | D:11     | Noticed a cyclops
 11230 | D:11     | Killed a cyclops
 11244 | D:11     | Noticed a gargoyle
 11302 | D:12     | Reached XP level 11. HP: 77/87 MP: 19/26
 11323 | D:12     | Reached skill level 12 in Spellcasting
 12189 | D:12     | Found a portal to a secret trove of treasure.
 12433 | Orc:1    | Entered Level 1 of the Orcish Mines
 12441 | D:11     | Learned a level 4 spell: Olgreb's Toxic Radiance
 12442 | Orc:1    | Noticed an orc warlord
 12849 | Lair:1   | Entered Level 1 of the Lair of Beasts
 12849 | Lair:1   | Noticed a six-headed hydra
 12947 | D:13     | Noticed a catoblepas
 12963 | D:13     | Noticed a centaur warrior
 12980 | D:13     | Killed a catoblepas
 12988 | D:13     | Killed a centaur warrior
 13024 | D:13     | Noticed a centaur warrior
 13052 | D:13     | Killed a centaur warrior
 13052 | D:13     | Reached skill level 13 in Spellcasting
 13150 | D:13     | Noticed a skeletal warrior
 13150 | D:13     | Noticed a skeletal warrior
 13150 | D:13     | Noticed a skeletal warrior
 13534 | D:14     | Found Duig's Weapon Boutique.
 13539 | D:14     | Noticed Nessos
 14263 | Lair:1   | Learned a level 4 spell: Summon Ice Beast
 14289 | Lair:1   | Noticed an oklob plant
 14299 | Lair:1   | Identified the +0 pair of gloves of Anelek {rElec}
 14514 | Lair:1   | Reached XP level 12. HP: 89/95 MP: 29/29
 15014 | Lair:1   | Reached skill level 5 in Poison Magic
 15357 | Lair:2   | Reached skill level 10 in Staves
 15401 | Lair:2   | Learned a level 4 spell: Leda's Liquefaction
 15513 | Lair:2   | Reached ***** piety under Ashenzari
 15763 | Lair:2   | Reached skill level 1 in Earth Magic
 15921 | Lair:2   | Reached skill level 10 in Fighting
 15921 | Lair:2   | Reached skill level 14 in Spellcasting
 16248 | Lair:3   | Found a dark tunnel.
 16351 | Volcano  | Entered a volcano
 16523 | Lair:3   | Noticed a death yak
 16523 | Lair:3   | Noticed a death yak
 16523 | Lair:3   | Noticed a death yak
 16525 | Lair:3   | Noticed a death yak
 16525 | Lair:3   | Noticed a death yak
 16677 | Lair:4   | Noticed a five-headed hydra
 16683 | Lair:4   | Killed a five-headed hydra
 16820 | Lair:4   | Slain by a hell rat

Levels and vault maps discovered:
D:1:      moated_graveyard_arrival, layout_basic
D:2:      layout_loops_ring, overflow_temple_1_default,
          nemelex_xobeh_ov_fountains_minmay, serial_forest,
          infiniplex_forest_lined_room_3, infiniplex_forest_straight_4,
          infiniplex_forest_straight_4, infiniplex_forest_end_1,
          infiniplex_forest_straight_2, minmay_pentomino_s4, uniq_natasha
D:3:      layout_rooms, tgw_xom
D:4:      layout_loops_ring, chequers_temple_overflow_statue_of_worship,
          nicolae_overflow_crystal_walls, first_ration,
          hangedman_minor_gate_pass, uniq_menkaure, uniq_grinder, uniq_robin
D:5:      layout_rooms, uniq_blork_the_orc, uniq_ijyb
D:6:      layout_loops_ring, temple_pool_b, serial_shops, kennysheep_mini, shop,
          shop, kennysheep_mini_moat, fedhas_altar_4
D:7:      layout_loops_ring, kennysheep_little_box, serial_rivers,
          chequers_serial_rivers_small_3, chequers_serial_rivers_micro_e,
          chequers_serial_rivers_small_3, chequers_serial_rivers_large_b,
          chequers_serial_rivers_micro_b, grunt_ogre_cave,
          grunt_decor_one_mirror, vehumet_altar_wand_db
D:8:      layout_rooms
D:9:      layout_loops_ring, elyvilon_altar_5, led_sif_pool,
          gammafunk_temple_overflow_wave, minmay_overflow_temple_star_quad,
          lair_entry_dummy, st_stairs_6, minmay_strange_pillars, jiyva_altar_1
D:10:     layout_roguey, serial_shops, nicolae_shop_waterfront
D:11:     layout_rooms, erik_orc_4, hangedman_decor_peaks_small,
          nicolae_twisting_strands, dk_vineyard_2, minmay_bent
D:12:     layout_basic, enter_trove_3
D:13:     layout_loops_cross, basic_altar, uniq_rupert
D:14:     layout_rooms, grunt_vaults_entry_fortified, serial_shops,
          nicolae_shop_temple_entry_statues_fountains, tso_metal_star,
          uniq_roxanne, uniq_nessos
Lair:1:   layout_loops_ring, special_room [special_room_bee],
          chequers_serial_rivers_micro_e, cheibrodos_lair_lostbears,
          minmay_lair_oklob_chamber
Lair:2:   layout_gridlike, grunt_megastairs_3
Lair:3:   layout_gridlike, enter_volcano_3, lemuel_old_faithful
Lair:4:   layout_cave_pods, elwin_shoals_entry_rocks, dummy_snake_entry,
          grunt_megastairs_5
Orc:1:    layout_caves, nicolae_orc_bridge_out, uniq_erica

Skill      XL: |  1  2  3  4  5  6  7  8  9 10 11 12 |
---------------+-------------------------------------+-----
Spellcasting   | 3 4 5 6 7 10 11 13 14 | 14.3
Fighting       | 1 2 3 4 6 7 8 9 10 | 10.3
Dodging        | 2 3 4 |  4.1
Armour         | 1 2 3 |  3.7
Staves         | 3 5 7 8 10 | 10.2
Poison Magic   | 4 5 |  5.0
Earth Magic    | 3 |  3.3
Stealth        | |  1.5
Conjurations   | |  0.7

Action                   |  1- 3 |  4- 6 |  7- 9 | 10-12 || total
-------------------------+-------+-------+-------+-------++-------
Melee: Club              |    30 |     1 |       |       ||    31
       Unarmed           |     2 |       |       |       ||     2
       Whip              |    18 |     4 |       |       ||    22
       Staff             |       |    22 |       |       ||    22
       Flail             |       |   116 |    60 |       ||   176
       Lajatang          |       |       |   217 |   821 ||  1038
Throw: Throwing net      |       |       |     2 |     4 ||     6
       Dart              |       |       |     2 |    10 ||    12
 Cast: Sting             |    35 |       |       |       ||    35
       Poisonous Vapours |    10 |    45 |    51 |    25 ||   131
       Mephitic Cloud    |       |       |     9 |    50 ||    59
       Olgreb's Toxic Ra |       |       |       |     2 ||     2
       Ozocubu's Armour  |       |       |       |     1 ||     1
Invok: Curse Item        |       |       |     3 |     2 ||     5
Evoke: Wand              |       |     1 |    23 |    34 ||    58
  Use: Scroll            |     2 |     6 |    10 |    16 ||    34
 Stab: Sleeping          |       |     2 |     2 |     7 ||    11
       Paralysed         |       |       |     8 |     2 ||    10
       Confused          |       |       |     2 |    33 ||    35
       Distracted        |       |       |       |     1 ||     1
       Held in net/web   |       |       |       |     1 ||     1
Armor: Robe              |     6 |       |       |       ||     6
       Leather armour    |     7 |    32 |    57 |       ||    96
       Troll leather arm |       |       |     9 |   275 ||   284
Dodge: Dodged            |    41 |   122 |   200 |   590 ||   953
Block: Other             |       |       |       |    51 ||    51
       Reflection        |       |       |       |     1 ||     1
